 Dungeon Crawl Stone Soup version 0.25-a0-280-gfa4545f159 (webtiles) character file.

Game seed: 4231173412490219911, levelgen mode: deterministic

670 MisterFreud the Skirmisher (level 7, -2/58 HPs)
             Began as a Human Wanderer on Dec 10, 2019.
             Was a Plaything of Xom.
             Splashed by Ijyb's acid (10 damage)
             ... on level 4 of the Dungeon.
             The game lasted 00:13:11 (5069 turns).

MisterFreud the Skirmisher (Human Wanderer)         Turns: 5069, Time: 00:13:11

Health: -2/58      AC:  5    Str: 10    XL:     7   Next: 89%
Magic:  8/8        EV: 14    Int: 14    God:    Xom [.*....]
Gold:   53         SH:  0    Dex: 15    Spells: 6/6 levels left

rFire    . . .     SeeInvis .   b - +2 dagger (protect)
rCold    . . .     Gourm    .   (no shield)
rNeg     . . .     Faith    .   e - +0 robe
rPois    .         Spirit   .   o - +0 helmet
rElec    .         Reflect  .   u - +1 cloak
rCorr    .         Harm     .   (no gloves)
MR       .....                  (no boots)
Stlth    ++........             (no amulet)
HPRegen  0.19/turn              (no ring)
MPRegen  0.11/turn              (no ring)

@: no status effects
A: no striking features
a: Renounce Religion


You were on level 4 of the Dungeon.
You worshipped Xom.
You were a plaything of Xom.
You were not hungry.

You visited 1 branch of the dungeon, and saw 5 of its levels.
You also visited: Sewer.

You collected 128 gold pieces.
You spent 75 gold pieces at shops.

Inventory:

Hand Weapons
 a - a +2 shortbow
 b - a +2 dagger of protection (weapon)
 B - a +3 quarterstaff of chaos
Missiles
 c - 117 arrows
 g - 121 stones (quivered)
 j - 20 bolts
 l - 2 javelins
 m - 32 sling bullets
 s - 3 throwing nets
Armour
 e - a +0 robe (worn)
 o - a +0 helmet (worn)
 r - a +0 cloak
 u - a +1 cloak (worn)
Wands
 i - a wand of random effects (6)
 A - a wand of flame (18)
Scrolls
 d - 3 scrolls of teleportation
 k - a scroll of fear
 t - a scroll of enchant weapon
Potions
 h - 2 potions of agility
 n - 3 potions of flight {unknown}
 p - 2 potions of heal wounds
 q - a potion of magic
 w - a potion of haste
 x - 2 potions of curing {unknown}
Comestibles
 f - 10 rations
 v - 7 chunks of flesh


   Skills:
 - Level 6.1 Fighting
 - Level 1.0 Short Blades
 + Level 4.1 Bows
 - Level 1.0 Armour
 + Level 4.4 Dodging
 - Level 1.0 Stealth
 - Level 2.0 Evocations


You had 6 spell levels left.
You didn't know any spells.
Your spell library was empty.

Dungeon Overview and Level Annotations

Branches:
Dungeon (5/15)              Sewer (visited)
 Temple: D:4-7

Altars:
Xom

Shops:
D:4 ?

Annotations:
D:4 Ijyb


Message History

v - 7 chunks of flesh (gained 2)
Things that are here:
a +0 club; an orc skeleton
Things that are here:
a +0 club; an orc skeleton
c - 117 arrows (gained 9)
You swap places.
Ijyb is too close now for your liking.
Unknown command.
Unknown command.
Found an escape hatch in the ceiling.
Ijyb zaps a wand.
The bolt of acid hits you!!
A shower of butterflies erupts from you!
You are splashed with acid!
Ijyb completely misses your butterfly.
Ijyb zaps a wand.
The bolt of acid hits you!
* * * LOW HITPOINT WARNING * * *
You are splashed with acid!
You die...
Xom bursts into laughter!

.....#..##.....#..^...
.....#..##)....#...#<.
#.......)).....#......
###.####.).....#...#
....# #...........#
##### ##.....b....# .#
#..........# .#
#.###.#b(b.##.# .# #.#
#.#.@g....# .#### #..
#.b....#### .....
#......# .###
.......#### .# .#
###..#...# .###.#
#........#
...#.###.##...#.#
#......#.###..#.
#....<.#.# ..#


You could see Ijyb and a friendly +1 whip of flaming.

Vanquished Creatures
  A big kobold (Sewer)
  An orc priest (D:4)
  Crazy Yiuf (D:3)
  An orc wizard (D:4)
  A centaur skeleton (D:4)
  A worker ant (D:4)
  Robin (D:2)
  2 adders
  4 gnolls (D:2)
  2 river rats
  An adder zombie (D:5)
  4 worms
  2 leopard geckos (D:3)
  3 orcs (D:4)
  3 giant cockroaches (D:3)
  14 goblins
  7 hobgoblins
  2 quokkas
  3 ball pythons
  5 bats
  3 frilled lizards
  6 kobolds
  A leopard gecko skeleton (D:4)
  19 rats
88 creatures vanquished.

Vanquished Creatures (collateral kills)
  Pikel (D:4)
  An orc wizard (D:4)
  2 orcs (D:4)
4 creatures vanquished.

Vanquished Creatures (others)
  A crimson imp (D:5)
  A jackal (Sewer)
  2 kobolds (Sewer)
4 creatures vanquished.

Grand Total: 96 creatures vanquished

Notes
Turn   | Place    | Note
-------+----------+-------------------------------------------
     0 | D:1      | MisterFreud the Human Wanderer began the quest for the Orb.
     0 | D:1      | MisterFreud set off with the following items: a +2
                  | shortbow, 24 arrows, a +0 mace, a scroll of teleportation,
                  | a +0 robe, a ration
     0 | D:1      | Reached XP level 1. HP: 18/18 MP: 2/2
   642 | D:1      | Reached XP level 2. HP: 22/24 MP: 3/3
  1486 | D:2      | Reached skill level 4 in Fighting
  1486 | D:2      | Reached XP level 3. HP: 23/30 MP: 4/4
  2101 | D:2      | Reached XP level 4. HP: 24/38 MP: 5/5
  2114 | D:2      | Noticed Robin
  2138 | D:2      | HP: 1/38 [goblin/+0 dagger[Robin] (2)]
  2140 | D:2      | Killed Robin
  2556 | D:2      | Reached skill level 5 in Fighting
  3154 | D:3      | Found a faded altar of an unknown god.
  3193 | D:3      | Reached XP level 5. HP: 44/44 MP: 6/6
  3230 | D:3      | Became a worshipper of Xom of Many Doors
  3273 | D:3      | XOM: divination: detect items
  3780 | D:3      | Found a runed translucent door.
  3781 | D:3      | Noticed Crazy Yiuf
  3801 | D:3      | Killed Crazy Yiuf
  3964 | D:4      | XOM: silly message
  3989 | D:4      | Reached skill level 6 in Fighting
  4013 | D:5      | Entered Level 5 of the Dungeon
  4026 | D:5      | Reached XP level 6. HP: 29/52 MP: 7/7
  4082 | D:5      | Found a glowing drain.
  4111 | D:5      | Reached skill level 1 in Dodging
  4128 | D:5      | XOM: divine lightning
  4143 | Sewer    | Entered a sewer
  4327 | Sewer    | XOM: scenery: create altars
  4370 | Sewer    | XOM: destruction
  4381 | Sewer    | XOM: divination: detect creatures
  4437 | Sewer    | Found a white marble altar of Elyvilon.
  4689 | D:4      | XOM: cleaving
  4696 | D:4      | Reached XP level 7. HP: 11/58 MP: 8/8
  4882 | D:4      | XOM: cloud trail
  4941 | D:4      | Noticed Ijyb
  4941 | D:4      | Noticed Pikel
  4979 | D:4      | XOM: destruction
  4993 | D:4      | Killed Pikel
  5030 | D:4      | Found Hutwun's Magic Scroll Boutique.
  5037 | D:4      | Bought a scroll of enchant weapon for 75 gold pieces
  5067 | D:4      | XOM: butterfly on damage
  5069 | D:4      | Splashed by Ijyb's acid

Levels and vault maps discovered:
D:1:      minmay_arrival_widening_spiral_narrow, layout_loops_cross,
          minmay_misc_feat_pillars
D:2:      layout_loops_corners, first_ration, uniq_robin
D:3:      layout_rooms, chequers_ecumenical_altar_simple, minmay_misc_feat_tiny,
          columned_hall_lemuel, uniq_crazy_yiuf_cottage
D:4:      layout_basic, nicolae_ossuary_entry_ruins, serial_shops, shop,
          uniq_pikel, uniq_ijyb, uniq_grinder
D:5:      layout_basic, portal_sewer_entry_a

Skill      XL: |  1  2  3  4  5  6  7 |
---------------+----------------------+-----
Fighting       | 4 5 6 |  6.1
Dodging        | 3 4 |  4.4
Bows           | 4 |  4.1
Short Blades   | |  1.0
Armour         | |  1.0
Stealth        | |  1.0
Evocations     | |  2.0

Action                   |  1- 3 |  4- 6 |  7- 9 || total
-------------------------+-------+-------+-------++-------
Melee: Mace              |    34 |       |       ||    34
       Dagger            |    67 |   375 |    24 ||   466
 Fire: Shortbow          |     4 |    15 |     3 ||    22
  Use: Scroll            |     3 |     9 |       ||    12
       Potion            |       |     3 |       ||     3
 Stab: Sleeping          |     4 |     4 |       ||     8
       Distracted        |     1 |     1 |       ||     2
  Eat: Chunk             |     4 |     8 |     2 ||    14
Armor: Robe              |    31 |   148 |     6 ||   185
Dodge: Dodged            |    69 |   195 |    12 ||   276

Table legend:
 A = Non-vault XP
 B = Vault XP
 C = Vault XP percentage of total XP
 D = Non-vault monster count
 E = Vault monster count
 F = Vault count percentage of total count
                 A         B        C        D         E       F
            +---------+---------+-------+---------+---------+-------
      Total |     376 |     582 |  60.8 |      71 |      22 |  23.7
            +---------+---------+-------+---------+---------+-------
        D:1 |      21 |       0 |   0.0 |      14 |       0 |   0.0
        D:2 |      70 |      29 |  29.3 |      15 |       9 |  37.5
        D:3 |      65 |      40 |  38.1 |      26 |       1 |   3.7
        D:4 |     197 |     409 |  67.5 |      12 |       1 |   7.7
        D:5 |      23 |      19 |  45.2 |       4 |       7 |  63.6
      Sewer |       0 |      85 | 100.0 |       0 |       4 | 100.0
            +---------+---------+-------+---------+---------+-------
